 Dungeon Crawl Stone Soup version 0.30-a0-42-g806c11bf1d (webtiles) character file.

Game seed: 7716743446371598271

14 Nattfarinn the Grave Robber (level 2, 0/19 HPs)
             Began as a Human Necromancer on Aug 30, 2022.
             Succumbed to an adder's poison
             ... on level 2 of the Dungeon.
             The game lasted 00:01:58 (911 turns).

Nattfarinn the Grave Robber (Human Necromancer)      Turns: 911, Time: 00:02:00

Health: 0/19       AC:  2    Str: 14    XL:     2   Next: 55%
Magic:  1/5        EV: 12    Int: 15    God:
Gold:   50         SH:  0    Dex: 13    Spells: 5/6 levels left

rFire   . . .      SeeInvis .    g - +1 short sword (speed)
rCold   . . .      Faith    .    d - orb {*channel}
rNeg    . . .      Spirit   .    a - +0 robe
rPois   .          Reflect  .    (no helmet)
rElec   .          Harm     .    (no cloak)
rCorr   .          Rampage  .    (no gloves)
Will    .....                    (no boots)
Stlth   ++........               (no amulet)
HPRegen 0.06/turn                c - +6 ring of strength
MPRegen 0.09/turn                (no ring)

@: lethally poisoned (0 -> -12), very slightly contaminated
A: no striking features
a: no special abilities


You were on level 2 of the Dungeon.
You visited 1 branch of the dungeon, and saw 2 of its levels.

You collected 50 gold pieces.

Inventory:

Hand Weapons
 g - a +1 short sword of speed (weapon)
Armour
 a - a +0 robe (worn)
 d - an orb of energy (worn)
Jewellery
 c - a +6 ring of strength (left hand)
Scrolls
 e - a scroll of silence {unknown}
 f - 2 scrolls of identify {unknown}
 i - a scroll of summoning {unknown}
Potions
 b - a potion of magic
 h - a potion of haste {unknown}
 j - a potion of attraction {unknown}


   Skills:
 - Level 2.0 Dodging
 - Level 2.0 Stealth
 * Level 2.6 Spellcasting
 + Level 4.1 Necromancy


You had 5 spell levels left.
You knew the following spells:

 Your Spells              Type           Power      Damage    Failure   Level
a - Necrotise             Necr           56%        1d6       3%          1

Your spell library contained the following spells:

 Spells                   Type           Power      Damage    Failure   Level
 Vampiric Draining        Necr           14%        2d7       11%         3
 Animate Dead             Necr           14%        N/A       36%         4
 Agony                    Necr           14%        N/A       71%         5


Dungeon Overview and Level Annotations

Branches:
Dungeon (2/15)

Altars:


Message History

The adder attacks as you move away! The adder bites you.
You are poisoned.
The adder poisons you!
You feel sick.
You hit the adder but do no damage.
You feel sick. The adder bites you.
You barely miss the adder.
You feel sick. The adder misses you.
Casting: Necrotise (safe; 3% risk of failure)
Confirm with . or Enter, or press ? or * to list all spells.
Aiming: Necrotise (safe; 3% risk of failure)
Press: ? - help, Shift-Dir - straight line, f - adder
Aim: an adder (chance to affect: 78%)
The adder writhes in agony.
You feel sick.
You are no longer poisoned.
The adder barely misses you.
Casting: Necrotise (safe; 3% risk of failure)
Confirm with . or Enter, or press ? or * to list all spells.
Aiming: Necrotise (safe; 3% risk of failure)
Press: ? - help, Shift-Dir - straight line, f/p - adder
Aim: an adder (heavily wounded, chance to affect: 78%)
The adder writhes in agony.
The adder completely misses you.
Casting: Necrotise (safe; 3% risk of failure)
Confirm with . or Enter, or press ? or * to list all spells.
Aiming: Necrotise (safe; 3% risk of failure)
Press: ? - help, Shift-Dir - straight line, f/p - adder
Aim: an adder (almost dead, chance to affect: 78%)
The adder barely resists.
The adder bites you.
* * * LOW HITPOINT WARNING * * *
You are lethally poisoned!
The adder poisons you! The adder bites you.
* * * LOW HITPOINT WARNING * * *
You are more poisoned.
The adder poisons you!
Casting: Necrotise (safe; 3% risk of failure)
Confirm with . or Enter, or press ? or * to list all spells.
Aiming: Necrotise (safe; 3% risk of failure)
Press: ? - help, Shift-Dir - straight line, f/p - adder
Aim: an adder (almost dead, chance to affect: 78%)
You miscast Necrotise.
You are very lightly contaminated with residual magic.
Nothing appears to happen.
You die...

#.... +..ZZ #.... .#
#.... ?# #.... ####.#
#.... .....# #....###
#....#
##......####....####
$.......<.@Slg.......
.####.#######....####
..................
##. .#####........#
#. .....#.##$# #
#.#......# #
#.#####..# # ..# .#


You could see an adder, a goblin and a frilled lizard.

Vanquished Creatures
  2 endoplasms (D:1)
  A goblin (D:1)
  2 hobgoblins (D:1)
  6 ball pythons
  A kobold (D:1)
12 creatures vanquished.

Notes
Turn   | Place    | Note
-------+----------+-------------------------------------------
     0 | D:1      | Nattfarinn the Human Necromancer began the quest for the
                  | Orb.
     0 | D:1      | Reached XP level 1. HP: 13/13 MP: 3/3
     2 | D:1      | Noticed a minotaur skeleton
     7 | D:1      | Noticed a minotaur skeleton
    16 | D:1      | Noticed a minotaur skeleton
   352 | D:1      | Reached XP level 2. HP: 10/19 MP: 0/5
   911 | D:2      | Succumbed to an adder's poison

Illustrated notes

Levels and vault maps discovered:
D:1:      shiori_arrival_whats_in_store_for_you, layout_basic, feat_on_display
D:2:      layout_basic, serial_undead, serial_undead_a, serial_undead_f,
          serial_undead_a, serial_undead_a

Action                   || total
-------------------------++-------
Melee: Short sword       ||    11
       Unarmed           ||     3
 Cast: Necrotise         ||    22
Armor: Robe              ||     2
Dodge: Dodged            ||    16

Table legend: (Time is in decaauts)
 A = Elapsed time spent in this place.
 B = Non-inter-level travel time spent in this place.
 C = Inter-level travel time spent in this place.
 D = Time resting spent in this place.
 E = Time spent auto-exploring this place.
 F = Levels seen in this place.
 G = Mean time per level.
                   A        B        C        D        E       F      G
               +--------+--------+--------+--------+--------+-----+--------+
         Total |    907 |    896 |     11 |     51 |    738 |   2 |  453.5 |
       Dungeon |    907 |    896 |     11 |     51 |    738 |   2 |  453.5 |
               +--------+--------+--------+--------+--------+-----+--------+

Top non-repeatable levels by time:
     D:1: 882 daAuts
     D:2: 24 daAuts
